 Dungeon Crawl Stone Soup version 0.28.0-47-ge53b351184 (webtiles) character file.

Game seed: 4403444269322137345

195 101zpm the Magician (level 6, -4/40 HPs)
             Began as a Djinni Fire Elementalist on May 9, 2022.
             Shot with an arrow by a centaur (8 damage)
             ... on level 4 of the Dungeon.
             The game lasted 00:05:33 (4882 turns).

101zpm the Magician (Djinni Fire Elementalist)      Turns: 4882, Time: 00:05:35

Health: -4/40      AC:  2    Str:  7    XL:     6   Next: 4%
Gold:   125        EV: 12    Int: 19    God:
                   SH:  0    Dex: 13

rFire   + + .      SeeInvis .   (no weapon)
rCold   x . .      Faith    .   (no shield)
rNeg    . . .      Spirit   .   a - +0 robe
rPois   ∞          Reflect  .   (no helmet)
rElec   .          Harm     .   (no cloak)
rCorr   .          Rampage  .   (no gloves)
Will    .....                   (boots unavailable)
Stlth   ++........              (no amulet)
HPRegen 0.13/turn               (no ring)
MPRegen 0.00/turn               (no ring)

@: flying
A: sickness immunity, fire resistance 2, cold vulnerability 1, float, innate
caster, HP casting, extra vitality 1
a: no special abilities


You were on level 4 of the Dungeon.
You visited 1 branch of the dungeon, and saw 4 of its levels.

You collected 125 gold pieces.

Inventory:

Missiles
 f - a throwing net
Armour
 a - a +0 robe (worn)
Jewellery
 g - a +4 ring of evasion
Scrolls
 c - a scroll of brand weapon
 d - a scroll of teleportation
 j - a scroll of fear
 l - a scroll of vulnerability {unknown}
 m - a scroll of identify
Potions
 b - a potion of cancellation {unknown}
 e - a potion of lignification {unknown}
 h - a potion of might {unknown}
 i - a potion of resistance {unknown}
 k - a potion of heal wounds {unknown}


   Skills:
 + Level 2.5 Dodging
 + Level 1.8 Stealth
 + Level 4.6 Spellcasting


You couldn't memorise any spells.
You knew the following spells:

 Your Spells              Type           Power      Damage    Failure   Level
a - Foxfire               Conj/Fire      88%        2x1d8     1%          1
b - Scorch                Fire           44%        2d7       2%          2
c - Conjure Flame         Conj/Fire      22%        6-21      5%          3
d - Inner Flame           Hex/Fire       22%        N/A       5%          3
e - Flame Wave            Conj/Fire      22%        2d7       19%         4
f - Shock                 Conj/Air       88%        1d8       1%          1
g - Call Imp              Summ           22%        N/A       2%          2
Your spell library was empty.

Dungeon Overview and Level Annotations

Branches:
Dungeon (4/15)
 Temple: D:4-7

Altars:
Okawaru
Qazlal
Uskayaw
Wu Jian


Innate Abilities, Weirdness & Mutations

You are immune to sickness and miasma.
You are immune to poison.
Your flesh is very heat resistant. (rF++)
You are vulnerable to cold. (rC-)
You float through the air rather than walking.
You learn spells naturally, not from books.
Your magical power is your life essence.
You have superior vitality. (+4 MHP)


Message History

You conjure some foxfire!
Your foxfire dissipates! x2
You now have 125 gold pieces (gained 11).
Found 4 boomerangs of dispersal.
You conjure some foxfire!
Your foxfire dissipates!
Your foxfire dissipates!
A hobgoblin comes into view.
The hobgoblin shouts!
You hear a shout!
You hear an angry hiss.
You conjure some foxfire!
Casting: Foxfire (safe; 1% risk of failure)
Confirm with . or Enter, or press ? or * to list all spells.
Aiming: Inner Flame (dangerous; 5% risk of failure)
Press: ? - help, Dir - move target, f - hobgoblin
Aim: a hobgoblin (ally target, chance to affect: 89%)
The hobgoblin is filled with an inner flame.
A centaur comes into view.
Casting: Inner Flame (dangerous; 5% risk of failure)
Confirm with . or Enter, or press ? or * to list all spells.
Flames lash the hobgoblin.
Flame seeps out of the hobgoblin.
The hobgoblin is heavily wounded.
The hobgoblin's fire resistance burns away.
The foxfire hits the hobgoblin!
The hobgoblin is burned terribly!
The hobgoblin explodes!
The fiery explosion engulfs you! You resist.
The centaur wields a +0 shortbow.
The centaur shoots an arrow.
The arrow hits you.
Your foxfire dissipates!
The centaur shoots an arrow.
The arrow hits you!
* * * LOW HITPOINT WARNING * * *
A quokka comes into view. x2
The centaur shoots an arrow.
The arrow misses you.
Casting: Scorch (safe; 2% risk of failure)
Confirm with . or Enter, or press ? or * to list all spells.
Aiming: Inner Flame (dangerous; 5% risk of failure)
Press: ? - help, Dir - move target, f - quokka
Aim: a quokka (wandering, hasn't noticed you, chance to affect: 89%)
The quokka is filled with an inner flame.
* * * LOW HITPOINT WARNING * * *
The centaur shoots an arrow.
The arrow hits you!
You die...

...
#.###########
#.#...#<.......
#.# #...#######
....#...####...
#####........##
≈≈≈≈≈..........
#####....#####.
....#..@.#
#.###....######
#.#..........r.
#.##.....r...
... #.########
...# #c..# #..
##...# ⌠ .....#
........


You could see a centaur and a quokka (wandering).

Vanquished Creatures
  7 gnolls
  6 adders
  A worm (D:3)
  3 dart slugs
  An orc (D:3)
  4 endoplasms
  2 giant cockroaches
  7 goblins
  5 hobgoblins
  5 jackals
  3 quokkas
  3 ball pythons
  14 bats
  A frilled lizard (D:3)
  A kobold (D:2)
  3 rats
66 creatures vanquished.

Vanquished Creatures (others)
  327 foxfires
  4 toadstools (D:1)
331 creatures vanquished.

Grand Total: 397 creatures vanquished

Notes
Turn   | Place    | Note
-------+----------+-------------------------------------------
     0 | D:1      | 101zpm the Djinni Fire Elementalist began the quest for the
                  | Orb.
     0 | D:1      | Reached XP level 1. HP: 15/15 MP: 0/0
   506 | D:1      | Reached XP level 2. HP: 17/21 MP: 0/0
   591 | D:1      | Found a faded altar of an unknown god.
  1314 | D:2      | Reached skill level 3 in Spellcasting
  1572 | D:2      | Reached XP level 3. HP: 22/25 MP: 0/0
  1572 | D:2      | Learned a level 1 spell: Shock
  2184 | D:2      | Reached XP level 4. HP: 26/31 MP: 0/0
  2916 | D:2      | Found an iron altar of Okawaru.
  2941 | D:3      | Found an ornate altar of the Wu Jian Council.
  3128 | D:3      | Reached skill level 4 in Spellcasting
  3192 | D:3      | Found a stormy altar of Qazlal.
  3328 | D:3      | Reached XP level 5. HP: 29/35 MP: 0/0
  3328 | D:3      | Learned a level 2 spell: Call Imp
  4055 | D:3      | Found a hide-covered altar of Uskayaw.
  4314 | D:3      | Found an iron altar of Okawaru.
  4517 | D:3      | Reached XP level 6. HP: 23/40 MP: 0/0
  4882 | D:4      | Shot with an arrow by a centaur

Illustrated notes

Levels and vault maps discovered:
D:1:      ldierk_water_garden, layout_rooms,
          hellmonk_ecumenical_altar_slurped_away, minmay_tree_intersection,
          hangedman_decor_clover_reticule
D:2:      layout_basic, basic_altar, st_stairs_5
D:3:      layout_basic, mainiacjoe_overflow_paths, old_standard_altar,
          mainiacjoe_overflow_catwalk, nicolae_qazlal_scattered_showers,
          gup_sewer_entry_glass, roderic_batcave
D:4:      layout_loops_ring, grunt_decor_cap, kennysheep_doodads

Skill      XL: |  1  2  3  4 |
---------------+-------------+-----
Spellcasting   | 3 4 |  4.6
Dodging        | |  2.5
Stealth        | |  1.8

Action                   |  1- 3 |  4- 6 || total
-------------------------+-------+-------++-------
 Cast: Foxfire           |   105 |   110 ||   215
       Scorch            |     2 |    20 ||    22
       Inner Flame       |       |    11 ||    11
       Call Imp          |       |     1 ||     1
  Use: Scroll            |       |     3 ||     3
Armor: Robe              |     1 |       ||     1
Dodge: Dodged            |     2 |     6 ||     8
